cohdb
Replays
Latest Replays
All Replays
Popular Replays
Top Player Replays
Match Explorer
How It Works
Community
CoH3 Stats
Reddit
Sign in to upload your games and track your stats! →
Sign in with Steam
Match 38609937
Unlisted
Match 38609937
Overview
Messages
Build Orders
End
Construct Barracks
Riflemen Squad
Riflemen Squad
Construct Weapon Support Center
Infantry Support Center
Riflemen Squad
Engineer Squad
M3 Armored Personnel Carrier
Selects Advanced Infantry Battlegroup
Selects Convert to Ranger Squad
Selects Ammunition Storage
Advanced Logistics
.30 cal Machine Gun
Mortar Pit
Survival Training
Convert to Ranger Squad
Mortar Pit
Convert to Ranger Squad
Munitions Surplus
M1918 Browning Automatic Rifles
Improved M9 Bazooka Rockets
Selects M2A1 105mm Howitzer Emplacement
Convert to Ranger Squad
Selects Free Fire Drills
Riflemen Squad
Selects Designate Assault Position
Convert to Ranger Squad
Comety42
DibbeTC
Mad Mac
76561199074031991
屌丝男士
起舞
蛇皮日记
浅笑世间
0
0
Comments
sign in to comment!
No comments posted yet!